 Dungeon Crawl Stone Soup version 0.28.0 (webtiles) character file.

Game seed: 7625574245234356193

4687 Lambsauce the Protected (level 10, -8/88 HPs)
             Began as a Minotaur Fighter on Feb 12, 2022.
             Mangled by a komodo dragon (28 damage)
             ... on level 2 of the Lair of Beasts.
             The game lasted 00:39:58 (6819 turns).

Lambsauce the Protected (Minotaur Fighter)          Turns: 6819, Time: 00:40:02

Health: -8/88      AC: 11    Str: 27    XL:     10   Next: 21%
Magic:  9/9        EV: 11    Int:  5    God:
Gold:   324        SH:  5    Dex: 10    Spells: 9/9 levels left

rFire   . . .      SeeInvis +   m - +2 short sword (venom)
rCold   . . .      Faith    .   c - +0 buckler
rNeg    . . .      Spirit   .   b - +0 scale mail
rPois   .          Reflect  .   (helmet restricted)
rElec   .          Harm     .   (no cloak)
rCorr   .          Rampage  .   (no gloves)
Will    .....                   f - +1 pair of boots
Stlth   ..........              e - amulet of Extuuput {Regen+ Str+2}
HPRegen 1.04/turn               l - ring of see invisible
MPRegen 0.11/turn               (no ring)

@: lethally poisoned (-8 -> -25)
A: horns 2, retaliatory headbutt
a: no special abilities


You were on level 2 of the Lair of Beasts.
You visited 2 branches of the dungeon, and saw 10 of its levels.

You collected 324 gold pieces.

Inventory:

Hand Weapons
 m - a +2 short sword of venom (weapon)
 x - a +2 flail of distortion
 z - a +2 hand axe of venom
Missiles
 h - 6 poisoned darts
 w - a throwing net
Armour
 b - a +0 scale mail (worn)
 c - a +0 buckler (worn)
 f - a +1 pair of boots (worn)
Jewellery
 e - the amulet of Extuuput (around neck) {Regen+ Str+2}
   (You acquired it on level 1 of the Dungeon)

   [amulet of regeneration]

   Str:       It affects your strength (+2).
   Regen:     It increases your rate of health regeneration.
 j - an amulet of the acrobat
 l - a ring of see invisible (left hand)
 r - the amulet of the Air {Inacc Air Fly rElec RMsl}
   (You found it on level 4 of the Dungeon)

   [amulet of nothing]

   It reduces the accuracy of all your attacks.
   It enhances your air magic.
   rElec:     It insulates you from electricity.
   Fly:       It grants you flight.
   RMsl:      It protects you from missiles.
 y - a ring of ice
Wands
 n - a wand of polymorph (2) (quivered)
 q - a wand of iceblast (10)
Scrolls
 g - a scroll of fear
 k - a scroll of identify
 s - a scroll of teleportation
 v - a scroll of enchant armour {unknown}
Potions
 a - a potion of attraction
 d - 2 potions of might
 i - a potion of mutation
 o - a potion of invisibility
 p - 2 potions of brilliance
 t - 3 potions of berserk rage
 u - a potion of curing


   Skills:
 + Level 8.1 Fighting
 + Level 8.6(9.2) Short Blades
 + Level 5.2(8.0) Long Blades
 + Level 0.4 Throwing
 + Level 9.9 Armour
 + Level 5.7 Dodging
 + Level 1.5 Stealth
 + Level 6.0 Shields
 + Level 0.2 Evocations


You had 9 spell levels left.
You didn't know any spells.
Your spell library contained the following spells:

 Spells                   Type           Power      Damage    Failure   Level
 Animate Skeleton         Necr           0%         N/A       78%         1
 Call Canine Familiar     Summ           0%         N/A       98%         3
 Frozen Ramparts          Ice            0%         1d2       98%         3
 Ozocubu's Armour         Ice            0%         N/A       98%         3
 Portal Projectile        Hex/Tloc       0%         N/A       98%         3
 Ice Form                 Ice/Tmut       0%         N/A       100%        4
 Leda's Liquefaction      Hex/Erth       0%         N/A       100%        4
 Summon Ice Beast         Ice/Summ       0%         N/A       100%        4
 Ozocubu's Refrigeration  Ice            0%         4d5       100%        7
 Borgnjor's Revivificati  Necr           0%         N/A       100%        8
 Necromutation            Tmut/Necr      0%         N/A       100%        8
 Death's Door             Necr           0%         N/A       100%        9


Dungeon Overview and Level Annotations

Branches:
Dungeon (8/15)             Temple (0/1) D:5            Lair (2/6) D:8
  Swamp: Lair:2-4    Shoals: Lair:2-4     Snake: Lair:2-4    Spider: Lair:2-4

Altars:
Fedhas
Kikubaaqudgha
Sif Muna
Vehumet

Shops:
D:3 [   D:4 (


Innate Abilities, Weirdness & Mutations

You have a pair of horns on your head.
You reflexively headbutt those who attack you in melee.


Message History

You feel sick. You block the water moccasin's attack.
You block the komodo dragon's attack.
You puncture the water moccasin!
You kill the water moccasin!
You feel sick. The cane toad barely misses you.
The komodo dragon barely misses you.
You closely miss the komodo dragon.
You headbutt the komodo dragon, but do no damage.
The komodo dragon is severely wounded.
You feel sick. The cane toad stings you!
You hit the komodo dragon but do no damage.
The komodo dragon is severely wounded.
The komodo dragon hisses menacingly.
The komodo dragon bites you!
The cane toad stings you but does no damage.
You hit the komodo dragon.
The komodo dragon is severely wounded.
You feel sick.
A blink frog comes into view.
The komodo dragon barely misses you.
The blink frog croaks.
You hit the komodo dragon.
The komodo dragon looks as sick as possible!
The komodo dragon is severely wounded.
You hear a loud, deep croak!
You block the cane toad's attack.
A blink frog comes into view.
You barely miss the komodo dragon.
The blink frog gives a loud, deep croak!
You headbutt the komodo dragon, but do no damage.
The komodo dragon is severely wounded.
You feel sick. The cane toad misses you. You furiously retaliate!
You headbutt the cane toad! The komodo dragon bites you!
You hit the komodo dragon.
The komodo dragon is almost dead.
You feel sick. The cane toad stings you!
* * * LOW HITPOINT WARNING * * *
You are more poisoned.
The cane toad poisons you! The komodo dragon bites you!!
You die...

..>............
.(............?
..............$
............F..
...............
...........F...
.......lF......
.......@......(
......†........
...............
..............[
...............
...............
.........<.....
...............


You could see a komodo dragon (extremely poisoned), a cane toad and 2 blink
frogs.

Vanquished Creatures
  An unseen horror (D:8)
  A hornet (D:7)
  Prince Ribbit (D:6)
  Sigmund (D:5)
  A human (D:8)
  A wyvern (D:8)
  A golden eye (D:8)
  Menkaure (D:6)
  4 water moccasins
  4 ice beasts
  A sky beast (D:7)
  2 necrophages
  A centaur (D:5)
  2 ogres
  A kobold brigand (D:8)
  A bullfrog (D:8)
  15 killer bees
  A water moccasin skeleton (D:6)
  3 howler monkeys (D:8)
  2 centaur zombies
  4 hounds
  A jelly (D:5)
  3 orc priests
  A bullfrog zombie (D:7)
  A gnoll shaman (D:7)
  A centaur skeleton (D:4)
  A bullfrog skeleton (D:5)
  2 iguanas
  A scorpion zombie (D:5)
  Natasha (thrice) (D:4)
  9 orc wizards
  A hound skeleton (D:4)
  A howler monkey zombie (D:8)
  4 gnolls (D:7)
  13 adders
  3 shadow imps
  2 white imps
  An ufetubus (D:7)
  An adder skeleton (D:4)
  2 dart slugs (D:4)
  14 orcs
  8 ball pythons
  5 bats
  5 endoplasms
  2 giant cockroaches (D:2)
  5 hobgoblins
  12 kobolds
  3 quokkas
  A frilled lizard (D:3)
  10 goblins
  3 rats
  A bush (D:3)
169 creatures vanquished.

Notes
Turn   | Place    | Note
-------+----------+-------------------------------------------
     0 | D:1      | Lambsauce the Minotaur Fighter began the quest for the Orb.
     0 | D:1      | Reached XP level 1. HP: 19/19 MP: 0/0
    84 | D:1      | Found a faded altar of an unknown god.
    95 | D:1      | Identified a scroll of acquirement
    95 | D:1      | Acquired the amulet of Extuuput {Regen+ Str+2}
   253 | D:1      | Reached XP level 2. HP: 25/27 MP: 1/1
   614 | D:2      | Reached skill level 4 in Armour
   874 | D:2      | Reached XP level 3. HP: 27/33 MP: 2/2
  1422 | D:3      | Reached XP level 4. HP: 14/40 MP: 3/3
  1422 | D:3      | HP: 1/40 [orc priest/divine providence (14)]
  1714 | D:3      | Found Reneonoch's Antique Armour Boutique.
  1714 | D:3      | You fall into a shaft and drop 1 floor!
  1728 | D:4      | Reached XP level 5. HP: 47/47 MP: 4/4
  1773 | D:4      | Reached skill level 5 in Armour
  1773 | D:4      | Reached skill level 1 in Dodging
  2267 | D:4      | Noticed Natasha
  2291 | D:3      | Reached XP level 6. HP: 53/53 MP: 5/5
  2310 | D:4      | Killed Natasha
  2311 | D:4      | Reached skill level 5 in Long Blades
  2415 | D:4      | Noticed Natasha
  2421 | D:4      | Killed Natasha
  2474 | D:4      | Reached skill level 1 in Short Blades
  2580 | D:4      | Found a shimmering blue altar of Sif Muna.
  2603 | D:4      | Reached skill level 6 in Armour
  2609 | D:4      | Found an ancient bone altar of Kikubaaqudgha.
  2617 | D:4      | Got Kikubaaqudgha's Volume of Evil
  2623 | D:4      | Found a radiant altar of Vehumet.
  2658 | D:4      | Reached XP level 7. HP: 56/60 MP: 6/6
  2722 | D:4      | Found Giubakui's Antique Weapon Shoppe.
  2727 | D:4      | Noticed Natasha
  2738 | D:4      | Killed Natasha
  2844 | D:4      | Reached skill level 5 in Fighting
  2865 | D:4      | Found the amulet of the Air {Inacc Air Fly rElec RMsl}
  3045 | D:5      | Entered Level 5 of the Dungeon
  3150 | D:5      | Reached skill level 7 in Armour
  3193 | D:5      | Found a staircase to the Ecumenical Temple.
  3357 | D:5      | Reached XP level 8. HP: 69/69 MP: 7/7
  3586 | D:5      | Reached skill level 5 in Shields
  3614 | D:5      | Noticed Sigmund
  3706 | D:5      | Reached skill level 1 in Stealth
  3745 | D:5      | Killed Sigmund
  3746 | D:5      | Reached skill level 8 in Armour
  3999 | D:6      | Reached skill level 5 in Short Blades
  4299 | D:6      | Noticed Menkaure
  4307 | D:6      | Killed Menkaure
  4454 | D:6      | Noticed Prince Ribbit
  4463 | D:6      | Killed Prince Ribbit
  4464 | D:6      | Reached XP level 9. HP: 39/75 MP: 8/8
  5308 | D:7      | Reached skill level 9 in Armour
  5916 | D:8      | Found a blossoming altar of Fedhas.
  6035 | D:8      | Reached skill level 5 in Dodging
  6103 | D:8      | Reached XP level 10. HP: 77/88 MP: 9/9
  6138 | D:8      | Found a staircase to the Lair.
  6763 | Lair:1   | Entered Level 1 of the Lair of Beasts
  6791 | Lair:1   | Noticed a cane toad
  6798 | Lair:1   | Noticed a cane toad
  6804 | Lair:2   | Noticed a cane toad
  6819 | Lair:2   | Mangled by a komodo dragon

Illustrated notes

Levels and vault maps discovered:
D:1:      dpeg_arrival_water_temple_mockup, layout_rooms,
          hellmonk_ecumenical_altar_lost_god, minivault_5
D:2:      layout_basic
D:3:      layout_loops_ring, serial_shops, nicolae_shop_waterfront,
          minmay_hedge_maze, minmay_misc_feat_five
D:4:      minmay_octagon_keep, layout_rooms, palyth_temple_overflow_mages,
          serial_shops, nicolae_stop_n_shop_1, kennysheep_small_square,
          uniq_natasha
D:5:      layout_basic, minmay_temple_entry_slanted, uniq_sigmund
D:6:      layout_loops_ring, uniq_menkaure, uniq_prince_ribbit1
D:7:      layout_layer_cave
D:8:      layout_rooms, lemuel_crystal_altar, lair_entry_dummy,
          dk_noncrumbling_2, minmay_misc_feat_square, minmay_ruffians
Lair:1:   layout_big_grid, serial_rivers, chequers_serial_rivers_small_b,
          chequers_serial_rivers_small_a, chequers_serial_rivers_micro_d,
          chequers_serial_rivers_room_b, grunt_megastairs_3
Lair:2:   layout_cave_shapes

Skill      XL: |  1  2  3  4  5  6  7  8  9 10 |
---------------+-------------------------------+-----
Armour         | 4 5 6 7 8 9 |  9.9
Fighting       | 4 5 6 7 8 |  8.1
Shields        | 4 5 6 |  6.0
Long Blades    | 3 4 5 |  5.2
Dodging        | 1 2 3 5 |  5.7
Short Blades   | 1 3 6 8 |  8.6
Stealth        | 1 |  1.5
Throwing       | |  0.4
Evocations     | |  0.2

Action                   |  1- 3 |  4- 6 |  7- 9 | 10-12 || total
-------------------------+-------+-------+-------+-------++-------
Melee: Long sword        |    57 |   100 |       |       ||   157
       Headbutt          |     8 |    32 |    65 |     6 ||   111
       Short sword       |       |    95 |   346 |    40 ||   481
Throw: Dart              |       |       |     3 |       ||     3
       Throwing net      |       |       |     1 |       ||     1
Evoke: Wand              |       |       |       |     4 ||     4
  Use: Scroll            |     7 |     3 |     3 |     2 ||    15
       Potion            |       |     1 |     5 |       ||     6
 Stab: Invisible         |       |       |     1 |       ||     1
Armor: Scale mail        |    33 |    77 |   122 |    23 ||   255
Dodge: Dodged            |    27 |    74 |   164 |    31 ||   296
Block: Buckler           |    17 |    22 |    59 |    15 ||   113
